 Dungeon Crawl Stone Soup version 0.31-a0-600-g62dffe198b (webtiles) character file.

Game seed: 16333490464187299725

75 CrazyBamboolord the Magician (level 4, -1/31 HPs)
             Began as a Djinni Earth Elementalist on Aug 21, 2023.
             Slain by a hobgoblin
             ... wielding a +0 mace
              (3 damage)
             ... on level 2 of the Dungeon.
             The game lasted 00:03:09 (1347 turns).

CrazyBamboolord the Magician (DjEE)                 Turns: 1347, Time: 00:03:09

Health: -1/31      AC:  2    Str:  7    XL:     4   Next: 55%
Gold:   58         EV: 12    Int: 19    God:
                   SH:  0    Dex: 13

rFire   + + .        (no weapon)
rCold   x . .        (no shield)
rNeg    . . .        a - +0 robe
rPois   ∞            (no helmet)
rElec   .            (no cloak)
rCorr   .            (no gloves)
SInv    .            (boots unavailable)
Will    .....        (no amulet)
Stlth   ++           (no ring)
HPRegen 0.25/turn    (no ring)
MPRegen 0.00/turn

%: infuse magic (-2 HP)
@: flying
A: sickness immunity, fire resistance 2, cold vulnerability 1, float, innate
caster, HP casting, extra vitality 1
a: no special abilities


You were on level 2 of the Dungeon.
You visited 1 branch of the dungeon, and saw 2 of its levels.

You collected 58 gold pieces.

Inventory:

Armour
 a - a +0 robe (worn)
Scrolls
 c - a scroll of revelation {unknown}
 d - 2 scrolls of blinking {unknown}
 e - a scroll of brand weapon {unknown}
 g - 3 scrolls of identify {unknown}
Potions
 f - a potion of mutation {unknown}


   Skills:
 + Level 2.8 Dodging
 + Level 2.1 Stealth
 * Level 3.8 Spellcasting
 * Level 3.8 Conjurations
 * Level 3.8 Hexes
 * Level 3.8 Summonings
 * Level 3.8 Necromancy
 * Level 3.8 Translocations
 * Level 3.8 Transmutations
 * Level 3.8 Fire Magic
 * Level 3.8 Ice Magic
 * Level 3.8 Air Magic
 * Level 3.8 Earth Magic
 * Level 3.8 Poison Magic


You knew the following spells:

 Your Spells              Type           Power      Damage    Failure   Level
a - Sandblast             Erth           36%        2d10      3%          1
b - Passwall              Tmut/Erth      15%        N/A       4%          2
c - Stone Arrow           Conj/Erth      36%        3d9       9%          3
d - Petrify               Tmut/Erth      18%        N/A       28%         4
e - Kiss of Death         Conj/Necr      72%        2d10      3%          1
Your spell library was empty.

Dungeon Overview and Level Annotations

Branches:
Dungeon (2/15)

Altars:


Innate Abilities, Weirdness & Mutations

You are immune to sickness and miasma.
You are immune to poison.
Your flesh is very heat resistant. (rF++)
You are vulnerable to cold. (rC-)
You float through the air rather than walking.
You learn spells naturally, not from books.
Your magical power is your life essence.
You have superior vitality. (+4 MHP)


Message History

* * * LOW HITPOINT WARNING * * *
You don't have enough health to cast this spell.
It was a potion of heal wounds.
You feel much better. The hobgoblin misses you.
Aiming: Sandblast (safe; 3% risk of failure)
Press: ? - help, Q - select action, (/) - cycle Shift-Dir - straight line, f/p - hobgoblin
Aim: a hobgoblin, wielding a +0 mace and wearing a +0 chain mail (severely wounded, 87% to hit)
The blast of sand hits the hobgoblin but does no damage.
The hobgoblin is severely wounded.
The hobgoblin hits you with a +0 mace! The hobgoblin barely misses you.
Aiming: Sandblast (safe; 3% risk of failure)
Press: ? - help, Q - select action, (/) - cycle Shift-Dir - straight line, f/p - hobgoblin
Aim: a hobgoblin, wielding a +0 mace and wearing a +0 chain mail (severely wounded, 87% to hit)
The blast of sand hits the hobgoblin but does no damage.
The hobgoblin is severely wounded.
The hobgoblin closely misses you.
Aiming: Sandblast (safe; 3% risk of failure)
Press: ? - help, Q - select action, (/) - cycle Shift-Dir - straight line, f/p - hobgoblin
Aim: a hobgoblin, wielding a +0 mace and wearing a +0 chain mail (severely wounded, 87% to hit)
The blast of sand hits the hobgoblin but does no damage.
The hobgoblin is severely wounded.
* * * LOW HITPOINT WARNING * * *
The hobgoblin hits you with a +0 mace.
* * * LOW HITPOINT WARNING * * *
The hobgoblin hits you with a +0 mace.
* * * LOW HITPOINT WARNING * * *
Aiming: Sandblast (safe; 3% risk of failure)
Press: ? - help, Q - select action, (/) - cycle Shift-Dir - straight line, f/p - hobgoblin
Aim: a hobgoblin, wielding a +0 mace and wearing a +0 chain mail (severely wounded, 87% to hit)
The blast of sand hits the hobgoblin.
The hobgoblin is almost dead.
* * * LOW HITPOINT WARNING * * *
The hobgoblin barely misses you.
Aiming: Sandblast (safe; 3% risk of failure)
Press: ? - help, Q - select action, (/) - cycle Shift-Dir - straight line, f/p - hobgoblin
Aim: a hobgoblin, wielding a +0 mace and wearing a +0 chain mail (almost dead, 87% to hit)
The blast of sand hits the hobgoblin but does no damage.
The hobgoblin is almost dead.
* * * LOW HITPOINT WARNING * * *
The hobgoblin hits you with a +0 mace.
You die...

.. ######. ######
...... #....#
#....##....#
+.... .....+
..)##....#
#..#....# .#
#.@#....# .#
#.g...## .#
#)###..# .# ###
#. ##.###.# ....
.. #...#.#.....
##. ###.........
#########.##.....
................
########)###....


You could see a hobgoblin.

Vanquished Creatures
  Natasha (D:2)
  An adder (D:2)
  A dart slug (D:1)
  4 ball pythons (D:1)
  3 bats
  An endoplasm (D:1)
  2 giant cockroaches
  6 goblins
  A hobgoblin (D:2)
  3 jackals (D:1)
  3 quokkas (D:1)
  2 frilled lizards (D:1)
  8 kobolds
  A rat (D:1)
37 creatures vanquished.

Vanquished Creatures (others)
  A goblin (D:1)
1 creature vanquished.

Grand Total: 38 creatures vanquished

Notes
Turn   | Place    | Note
-------+----------+-------------------------------------------
     0 | D:1      | CrazyBamboolord the Djinni Earth Elementalist began the
                  | quest for the Orb.
     0 | D:1      | CrazyBamboolord set off with the following spells
                  | memorised: Sandblast, Passwall, Stone Arrow, Petrify.
     0 | D:1      | Reached XP level 1. HP: 15/15 MP: 0/0
   116 | D:1      | Reached XP level 2. HP: 21/21 MP: 0/0
   368 | D:1      | Reached XP level 3. HP: 24/25 MP: 0/0
   368 | D:1      | Learned a level 1 spell: Kiss of Death
  1212 | D:2      | Noticed Natasha
  1217 | D:2      | Killed Natasha
  1218 | D:2      | Reached XP level 4. HP: 15/31 MP: 0/0
  1341 | D:2      | HP: 1/31 [hobgoblin/+0 mace (7)]
  1347 | D:2      | Slain by a hobgoblin

Illustrated notes

Levels and vault maps discovered:
D:1:      sevenhm_arrival_forest_fort_large_2, layout_basic, lemuel_flame_loot_1
D:2:      layout_basic, shapermc_ecumenical_altar_notcrosses, uniq_natasha

Skill      XL: |  1  2 |
---------------+-------+-----
Spellcasting   | |  3.8
Conjurations   | |  3.8
Hexes          | |  3.8
Summonings     | |  3.8
Necromancy     | |  3.8
Translocations | |  3.8
Transmutations | |  3.8
Fire Magic     | |  3.8
Ice Magic      | |  3.8
Air Magic      | |  3.8
Earth Magic    | |  3.8
Poison Magic   | |  3.8
Stealth        | 2 |  2.1
Dodging        | |  2.8

Action                     |  1- 3 |  4- 6 || total
---------------------------+-------+-------++-------
   Cast: Sandblast         |    47 |    19 ||    66
    Use: Potion            |       |     1 ||     1
 Armour: Robe              |     4 |     4 ||     8
  Dodge: Dodged            |     8 |    11 ||    19

Table legend: (Time is in decaauts)
 A = Elapsed time spent in this place.
 B = Non-inter-level travel time spent in this place.
 C = Inter-level travel time spent in this place.
 D = Time resting spent in this place.
 E = Time spent auto-exploring this place.
 F = Levels seen in this place.
 G = Mean time per level.
                   A        B        C        D        E       F      G
               +--------+--------+--------+--------+--------+-----+--------+
         Total |   1379 |   1317 |     62 |     61 |   1018 |   2 |  689.5 |
       Dungeon |   1379 |   1317 |     62 |     61 |   1018 |   2 |  689.5 |
               +--------+--------+--------+--------+--------+-----+--------+

Top non-repeatable levels by time:
     D:1: 1124 daAuts
     D:2: 255 daAuts
